 Dungeon Crawl Stone Soup version 0.18-a0-1109-gfc003ac (webtiles) character file.

51 xgamer67 the Bolt Thrower (level 3, 0/24 HPs)
             Began as an Octopode Wanderer on Jan 16, 2016.
             Was an Initiate of Nemelex Xobeh.
             Slain by a goblin (4 damage)
             ... led by Robin
             ... on level 2 of the Dungeon.
             The game lasted 00:04:51 (1981 turns).

xgamer67 the Bolt Thrower (Octopode Wanderer)       Turns: 1981, Time: 00:04:51

Health: 0/24       AC:  1    Str: 12    XL:     3   Next: 81%
Magic:  3/3        EV: 11    Int: 15    God:    Nemelex Xobeh [......]
Gold:   65         SH:  0    Dex: 10    Spells: 0 memorised, 2 levels left

rFire  . . .     SeeInvis .     a - +2 hand crossbow
rCold  . . .     Gourm    .     (no shield)
rNeg   . . .     Faith    .     (helmet restricted)
rPois  .         Spirit   .     (no amulet)
rElec  .         Dismiss  .     (no ring)
rCorr  .         Reflect  .     (no ring)
SustAt .         Harm     .     (no ring)
MR     .....                    (no ring)
Stlth  +++.......               (no ring)
                                (no ring)
                                (no ring)
                                (no ring)

@: not resistant to hostile enchantments, fairly stealthy
A: almost no armour, amphibious, 8 rings, constrict 8, camouflage 1, gelatinous
body 1
a: Renounce Religion


You were on level 2 of the Dungeon.
You worshipped Nemelex Xobeh.
Nemelex Xobeh was noncommittal.
You were not hungry.

You visited 1 branch of the dungeon, and saw 2 of its levels.

You collected 67 gold pieces.

Inventory:

Hand Weapons
 a - a +2 hand crossbow (weapon)
 b - a +0 dagger
Missiles
 e - 21 bolts (quivered)
 h - 121 stones
 q - 10 poisoned needles
Scrolls
 d - a scroll of teleportation
 g - a scroll of fog
 i - a scroll of identify {unknown}
 j - a scroll of noise {unknown}
Potions
 c - a potion of lignification
 k - a potion of heal wounds
 n - a potion of haste {unknown}
 p - a potion of cancellation {unknown}
Miscellaneous
 o - a plain deck of destruction {drawn: 6}
Comestibles
 f - 2 bread rations
 l - 2 chunks of flesh


   Skills:
 - Level 2.0 Fighting
   Level 1.0 Polearms
 - Level 5.0 Crossbows
 - Level 3.1 Stealth
   Level 1.0 Shields
 + Level 1.3 Evocations


You had 2 spell levels left.
You didn't know any spells.

Dungeon Overview and Level Annotations

Branches:
Dungeon (2/15)

Altars:
Makhleb
Nemelex Xobeh

Annotations:
D:2 Robin


Innate Abilities, Weirdness & Mutations

You cannot wear most types of armour.
You are amphibious.
You can wear up to eight rings at the same time.
You can use your tentacles to constrict eight enemies at once.
Your skin changes colour to match your surroundings (Stealth).
Your rubbery body absorbs attacks (AC +1).


Message History

Firing (i - inventory. (,) - cycle):
e - 23 bolts (quivered)
Press: ? - help, Shift-Dir - straight line, f/p - Robin
Aim: Robin, wielding a club, wearing an animal skin and wearing a helmet (almost dead, fleeing)
You shoot a bolt. The bolt hits Robin.
Robin is almost dead.
Robin roars a battlecry!
The goblin goes into a battle-frenzy!
The goblin closely misses you. The hobgoblin closely misses you.
The goblin hits you with a club.
* * * LOW HITPOINT WARNING * * *
The hobgoblin closely misses you.
Firing (i - inventory. (,) - cycle):
e - 22 bolts (quivered)
Press: ? - help, Shift-Dir - straight line, f - goblin
Aim: a goblin You shoot a bolt.
The bolt closely misses the goblin.
The bolt hits the hobgoblin!
You kill the hobgoblin!
The goblin hits you.
You die...
Your body disappears without a glow.

......#....#.##..#...#
......#....#.##.#_#..#
......######.##..#...#
......##...#.##......#
......##...#.###..####
.......+......##.#
...#####.........# ...#.#
########..# ...'.# #@# ...#.#
#g## .###[# #(.# .###.# ##g#
..##.# #g## .....# #.g#
#..###############.##############
##.#..............g..............
....#................g..........#


You could see 5 goblins.

Vanquished Creatures
  2 adders (D:2)
  An ooze (D:1)
  2 giant geckos
  A giant cockroach (D:2)
  7 goblins
  6 hobgoblins
  3 bats (D:1)
  A giant newt (D:2)
  2 kobolds (D:2)
  2 rats (D:1)
27 creatures vanquished.

Notes
Turn   | Place    | Note
--------------------------------------------------------------
     0 | D:1      | xgamer67 the Octopode Wanderer began the quest for the Orb.
     0 | D:1      | xgamer67 set off with: a +2 hand crossbow, 25 bolts, a potion of lignification, a scroll of teleportation, a +0 dagger, a bread ration
     0 | D:1      | Reached XP level 1. HP: 14/14 MP: 1/1
    49 | D:1      | Reached XP level 2. HP: 12/19 MP: 2/2
   901 | D:1      | Found a sparkling altar of Nemelex Xobeh.
   909 | D:1      | Became a worshipper of Nemelex Xobeh the Trickster
  1193 | D:2      | Noticed Robin
  1239 | D:2      | Received a gift from Nemelex Xobeh
  1261 | D:2      | Found a burning altar of Makhleb.
  1317 | D:2      | Reached XP level 3. HP: 22/24 MP: 3/3
  1372 | D:2      | Noticed Letoepo
  1374 | D:2      | Noticed Letoepo
  1374 | D:2      | Letoepo the big kobold changed into Letoepo the wyvern
  1377 | D:2      | Letoepo the wyvern changed into Letoepo the adder
  1652 | D:2      | Found a faded altar to an unknown god.
  1701 | D:2      | Reached skill level 5 in Crossbows
  1946 | D:2      | Reached skill level 1 in Evocations
  1981 | D:2      | Slain by a goblin

Vault maps used:
D:1:      tarquinn_simple_flora_water_a, st_stairs_4, nemelex_deck
D:2:      wad_pebble_path, lightli_temple_of_fire, ecumenical_altar_1,
          uniq_robin

Action                   || total
-------------------------++-------
Melee: Dagger            ||    61
 Fire: Hand crossbow     ||     4
Evoke: Deck              ||    12
  Use: Scroll            ||     3
       Potion            ||     1
 Stab: Sleeping          ||     5
  Eat: Chunk             ||     3
